 Dungeon Crawl Stone Soup version 0.31-a0-198-g2ad674f65e (webtiles) character file.

Game seed: 6898732248063915518

77 qw the Shooter (level 4, -1/25 HPs)
             Began as a Deep Elf Hunter on June 25, 2023.
             Slain by a gnoll
             ... wielding a +0 club
              (6 damage)
             ... on level 2 of the Dungeon.
             The game lasted 00:00:35 (1386 turns).

qw the Shooter (Deep Elf Hunter)                    Turns: 1386, Time: 00:00:36

Health: -1/25      AC:  5    Str: 10    XL:     4   Next: 14%
Magic:  6/6        EV: 11    Int: 14    God:
Gold:   69         SH:  0    Dex: 18    Spells: 3/3 levels left

rFire   . . .        Y - +0 shortbow
rCold   . . .        (shield currently unavailable)
rNeg    . . .        d - +0 ring mail
rPois   .            (no helmet)
rElec   .            (no cloak)
rCorr   .            (no gloves)
SInv    .            (no boots)
Will    .....        (no amulet)
Stlth   +            (no ring)
HPRegen 0.24/turn    (no ring)
MPRegen 0.10/turn

%: no passive effects
@: no status effects
A: no striking features
a: no special abilities


You were on level 2 of the Dungeon.
You visited 1 branch of the dungeon, and saw 2 of its levels.

You collected 69 gold pieces.


   Skills:
 - Level 1.5 Fighting
 + Level 7.5 Ranged Weapons
 - Level 2.4 Dodging
 - Level 1.2 Stealth


You had 3 spell levels left.
You didn't know any spells.
Your spell library was empty.

Inventory:

Hand Weapons
 Y - a +0 shortbow (weapon)
Armour
 c - a +2 cloak
 d - a +0 ring mail (worn)
 l - a +2 ring mail of fire resistance
Jewellery
 b - a +6 ring of strength
 g - a +5 ring of evasion
 k - a +6 ring of dexterity
Scrolls
 a - 2 scrolls of teleportation
 e - 2 scrolls of enchant weapon {unknown}
 i - 2 scrolls of identify
 j - a scroll of amnesia {unknown}
Potions
 f - a potion of might {unknown}
 h - a potion of attraction {unknown}

Dungeon Overview and Level Annotations

Branches:
Dungeon (2/15)

Altars:


Message History

You hear a shout!
You shoot an arrow. The arrow hits the gnoll.
The gnoll is moderately wounded.
The gnoll closely misses you. The gnoll misses you.
You shoot an arrow.
The arrow hits the gnoll but does no damage.
The gnoll is moderately wounded.
An adder comes into view.
The gnoll closely misses you.
The adder moves out of view.
You shoot an arrow. The arrow hits the gnoll.
The gnoll is severely wounded.
The gnoll hits you with a +0 flail.
A gnoll comes into view. It is wielding a +0 club.
You shoot an arrow.
The arrow hits the gnoll but does no damage.
The gnoll is severely wounded.
The gnoll hits you with a +0 flail.
You shoot an arrow. The arrow hits the gnoll!
You kill the gnoll!
A gnoll comes into view. It is wielding a +0 spear.
You have reached level 4!
You feel clever.
You shoot an arrow. The gnoll shouts!
The arrow hits the ball python.
You kill the ball python!
A gnoll comes into view. It is wielding a +0 whip.
You shoot an arrow. The arrow closely misses the gnoll.
The gnoll shouts!
The gnoll barely misses you.
You shoot an arrow. The arrow hits the gnoll.
The gnoll is lightly wounded.
The gnoll hits you with a +0 club. The gnoll barely misses you.
You shoot an arrow. The arrow hits the gnoll!
The gnoll is severely wounded.
The gnoll hits you with a +0 club. The gnoll misses you.
You shoot an arrow. The arrow barely misses the gnoll.
The gnoll hits you with a +0 club.
The gnoll hits you from afar with a +0 spear.
The gnoll hits you with a +0 club.
You die...

..........####
.............
#..#.##.#.###.
#.........# #.
.####.#.##.### #. #
..# #.#.##.# #.
#.##.###.###..#.#.#
#.
....ggg..##..###..#
#. #@.##...#.### #.
#..##..#..# #.
#..##..#..#######.
#..##.........<...
#......#..########
#...(.....########
#######..%.......<..
............#######.
#######.##### #.


You could see 3 gnolls.

Vanquished Creatures
  2 adders (D:2)
  A gnoll (D:2)
  A worm (D:2)
  2 dart slugs
  6 endoplasms
  A giant cockroach (D:1)
  A goblin (D:1)
  2 hobgoblins (D:1)
  4 jackals (D:2)
  3 kobolds
  4 ball pythons
  7 bats
  3 frilled lizards
  8 rats
45 creatures vanquished.

Notes
Turn   | Place    | Note
-------+----------+-------------------------------------------
     0 | D:1      | qw the Deep Elf Hunter began the quest for the Orb.
     0 | D:1      | Reached XP level 1. HP: 12/12 MP: 3/3
     0 | D:1      | 0 ||| qw: Version: 0.3-a-22-g0ed2b0b
     0 | D:1      | 0 ||| qw: Game counter: 5429
     0 | D:1      | 0 ||| qw: Melee chars always use a shield: true
     0 | D:1      | 0 ||| qw: God list: Okawaru
     0 | D:1      | 0 ||| qw: Allow faded altars: false
     0 | D:1      | 0 ||| qw: Do Orc after clearing Dungeon:15 true
     0 | D:1      | 0 ||| qw: Do second Lair branch before Depths: true
     0 | D:1      | 0 ||| qw: Lair rune preference: random
     0 | D:1      | 0 ||| qw: Goals: Normal
     0 | D:1      | 0 ||| PLANNING D:1-11
   303 | D:1      | Reached XP level 2. HP: 16/16 MP: 4/4
   320 | D:1      | Reached skill level 6 in Ranged Weapons
   355 | D:1      | 355 ||| Stepping ~*~*~tactically~*~*~ (water).
   357 | D:1      | 357 ||| Stepping ~*~*~tactically~*~*~ (water).
   437 | D:1      | 437 ||| READING 2 scrolls labelled GEATOUFF QASAK.
   839 | D:1      | 839 ||| UPGRADING to +0 ring mail.
   849 | D:1      | 849 ||| DROPPING +0 leather armour.
   850 | D:1      | 850 ||| READING scroll labelled GAUCKI CUOKUMO.
   851 | D:1      | 851 ||| READING scroll labelled FUDESU PUSETTE.
   852 | D:1      | 852 ||| DROPPING scroll of butterflies.
   896 | D:2      | Reached XP level 3. HP: 20/20 MP: 5/5
  1029 | D:2      | Reached skill level 7 in Ranged Weapons
  1382 | D:2      | Reached XP level 4. HP: 17/25 MP: 6/6
  1386 | D:2      | HP: 5/25 [gnoll/+0 spear (3)]
  1386 | D:2      | Slain by a gnoll

Levels and vault maps discovered:
D:1:      minmay_arrival_split_and_join, layout_loops_ring, st_stairs_6,
          serial_bayou_lake_a
D:2:      layout_loops_ring, hex_medium, minmay_tall_x

Skill      XL: |  1  2  3 |
---------------+----------+-----
Ranged Weapons | 6 7 |  7.5
Fighting       | |  1.5
Dodging        | |  2.4
Stealth        | |  1.2

Action                     |  1- 3 |  4- 6 || total
---------------------------+-------+-------++-------
   Fire: Shortbow          |   147 |     5 ||   152
    Use: Scroll            |     3 |       ||     3
 Armour: Leather armour    |    13 |       ||    13
         Ring mail         |    12 |       ||    12
  Dodge: Dodged            |    40 |     3 ||    43

Table legend:
 A = Non-vault XP
 B = Vault XP
 C = Vault XP percentage of total XP
 D = Non-vault monster count
 E = Vault monster count
 F = Vault count percentage of total count
                 A         B        C        D         E       F
            +---------+---------+-------+---------+---------+-------
      Total |     102 |       9 |   8.1 |      40 |       5 |  11.1
            +---------+---------+-------+---------+---------+-------
        D:1 |      32 |       1 |   3.0 |      19 |       1 |   5.0
        D:2 |      70 |       8 |  10.3 |      21 |       4 |  16.0
            +---------+---------+-------+---------+---------+-------
